 Dungeon Crawl Stone Soup version 0.30-a0-279-g4b46babb21 (console) character file.

Game seed: 4821849464749614075

7739 jejorda2 the Carver (level 11, -2/92 HPs)
             Began as a Black Draconian Berserker on Oct 16, 2022.
             Was an Elder of Trog.
             Slain by a cyclops (20 damage)
             ... on level 9 of the Dungeon.
             The game lasted 00:20:09 (9366 turns).

jejorda2 the Carver (Black Draconian Berserker)     Turns: 9366, Time: 00:20:09

Health: -2/92      AC: 14    Str: 19    XL:     11   Next: 0%
Magic:  11/11      EV: 14    Int:  8    God:    Trog [****..]
Gold:   481        SH:  4    Dex: 15    Spells: 10/10 levels left

rFire   + . .      SeeInvis .    a - +4 scimitar
rCold   . . .      Faith    .    K - +0 buckler
rNeg    . . .      Spirit   .    (body armour unavailable)
rPois   .          Reflect  .    (helmet restricted)
rElec   +          Harm     .    d - +0 cloak
rCorr   .          Rampage  .    (no gloves)
Will    .....                    w - +1 pair of boots
Stlth   +.........               (no amulet)
HPRegen 0.35/turn                b - ring of protection from fire
MPRegen 0.12/turn                E - +4 ring of protection

@: short of breath, on berserk cooldown, slowed, very slow
A: breathe lightning, AC +7, unfitting armour, electricity resistance,
cold-blooded
a: Breathe Lightning, Renounce Religion, Berserk, Trog's Hand, Brothers in Arms


You were on level 9 of the Dungeon.
You worshipped Trog.
Trog was greatly pleased with you.
You visited 1 branch of the dungeon, and saw 11 of its levels.

You collected 481 gold pieces.

Inventory:

Hand Weapons
 a - a +4 scimitar (weapon)
 l - a +5 dagger
Missiles
 c - 54 stones (quivered)
 e - 12 poisoned darts
 G - 3 throwing nets
 I - 3 boomerangs
Armour
 d - a +0 cloak (worn)
 u - a +0 robe
 w - a +1 pair of boots (worn)
 K - a +0 buckler (worn)
Jewellery
 b - a ring of protection from fire (left hand)
 y - a ring of see invisible
 E - a +4 ring of protection (right hand)
Wands
 o - a wand of paralysis (7)
 x - a wand of digging (6)
 H - a wand of flame (4)
 J - a wand of iceblast (4)
Scrolls
 j - 2 scrolls of immolation
 k - 5 scrolls of teleportation
 m - a scroll of vulnerability {unknown}
 r - a scroll of enchant armour {unknown}
 t - a scroll of noise {unknown}
 z - a scroll of butterflies
 A - 2 scrolls of blinking {unknown}
 D - a scroll of enchant weapon {unknown}
 F - a scroll of magic mapping {unknown}
Potions
 f - 4 potions of might
 g - 2 potions of degeneration
 h - 2 potions of mutation
 i - 2 potions of heal wounds
 n - 2 potions of cancellation
 p - 2 potions of flight {unknown}
 q - a potion of berserk rage {unknown}
 s - a potion of haste {unknown}
 v - 4 potions of curing
 B - 2 potions of lignification {unknown}
 C - 3 potions of attraction {unknown}


   Skills:
 - Level 7.3 Fighting
 - Level 14.0 Long Blades
 - Level 6.4 Dodging
 + Level 2.5 Shields
 + Level 3.6 Evocations


You had 10 spell levels left.
You didn't know any spells.
Your spell library was empty.

Dungeon Overview and Level Annotations

Branches:
Dungeon (11/15)            Temple (0/1) D:5
   Lair: D:8-11         Orc: D:9-12

Altars:
Ashenzari
Cheibriados
Trog
Uskayaw
Vehumet
Yredelemnul
Zin
The Shining One

Annotations:
D:4 2 runed translucent doors, kd29's ghost, amateur DrIE


Innate Abilities, Weirdness & Mutations

You can breathe wild blasts of lightning.
Your glossy black scales are hard. (AC +7)
You cannot fit into any form of body armour.
You are resistant to electric shocks. (rElec)
You are cold-blooded and may be slowed by cold attacks.


Message History

The centaur warrior barely misses you.
The centaur warrior completely misses you.
You slash the centaur warrior!
You kill the centaur warrior!
Trog accepts your kill.
Your Shields skill increases to level 2!
You have reached level 11!
You feel a strong urge to attack something.
You start resting.
You are no longer berserk.
You are exhausted.
You feel yourself slow down.
You start resting.
The sentinel's mark upon you fades away.
You start resting.
A cyclops comes into view.
Activating: Breathe Lightning (3% risk of failure)
Press: ? - help, Dir - look around, f - activate You breathe a wild blast of lightning!
You hear a mighty clap of thunder!
The bolt of lightning hits the cyclops but does no damage.
The orb of electricity explodes!
The orb of electricity engulfs you. You resist.
* * * LOW HITPOINT WARNING * * *
The orb of electricity engulfs the cyclops!!
The cyclops is severely wounded.
The orb of electricity engulfs the wight!
The wight is severely damaged.
The cyclops misses you. The cyclops hits you.
* * * LOW HITPOINT WARNING * * *
Unknown command.
Unknown command.
Unknown command.
Unknown command.
Unknown command.
Aiming: Paralyse
Press: ? - help, Shift-Dir - straight line, f - cyclops
Aim: a cyclops, quivering large rocks (severely wounded, chance to affect: 40%)
The cyclops resists with some effort.
The cyclops hits you!!
You die...

...........# '..
###.##.......
#.....##...# .#.
###....#...##..
.......##..#
#.#.##......#...###.
....#.#....#
#.........#...# #.
...##......#
#.............###.
#...#......#
#.............##..
##.........#
#.#.......##...#>.
#........##
###...............
#....##...#
#@#)..........#..#
#.....##..#
#.Cz.........##...
#...#####.#
##...............#
##### ###
##..............##
#............#..##
#.....###....#....
#.....# #.....#...
##.#..# ##..#####.
###### ######..#


You could see a cyclops and a wight.

Vanquished Creatures
  A centaur warrior (D:9)
  2 cyclopes
  Maurice (D:8)
  Joseph (D:8)
  A komodo dragon (D:8)
  2 trolls
  Sigmund (D:2)
  A shadow (D:8)
  A wraith (D:9)
  3 yaks (D:9)
  A steam dragon (D:9)
  3 water moccasins
  4 sky beasts (D:7)
  A black bear (D:6)
  2 ice beasts (D:6)
  2 ogres
  2 centaurs (D:8)
  A phantom (D:4)
  A kobold brigand (D:9)
  2 necrophages
  6 bullfrogs
  3 gnoll sergeants
  6 scorpions
  11 wights
  3 howler monkeys
  3 hounds
  2 orc priests
  2 iguanas
  Jessica (D:2)
  5 orc wizards
  Natasha (thrice) (D:3)
  3 hell rats (D:7)
  Robin (D:2)
  19 gnolls
  8 adders
  8 river rats (D:7)
  2 ufetubi
  A dart slug (D:1)
  20 orcs
  8 bats
  4 endoplasms
  2 giant cockroaches
  13 goblins
  8 hobgoblins
  3 jackals (D:3)
  7 quokkas
  8 ball pythons
  2 frilled lizards
  7 kobolds
  18 rats
220 creatures vanquished.

Vanquished Creatures (others)
  A kobold (D:9)
  8 plants
9 creatures vanquished.

Grand Total: 229 creatures vanquished

Notes
Turn   | Place    | Note
-------+----------+-------------------------------------------
     0 | D:1      | jejorda2 the Draconian Berserker began the quest for the
                  | Orb.
     0 | D:1      | Reached XP level 1. HP: 19/19 MP: 1/1
   404 | D:1      | Reached XP level 2. HP: 26/26 MP: 2/2
   522 | D:1      | Found a faded altar of an unknown god.
   917 | D:2      | Noticed Sigmund
   931 | D:2      | Killed Sigmund
   932 | D:2      | Reached skill level 4 in Long Blades
   932 | D:2      | Reached XP level 3. HP: 22/33 MP: 3/3
   932 | D:2      | Reached XP level 4. HP: 27/40 MP: 4/4
   932 | D:2      | Reached XP level 5. HP: 31/46 MP: 5/5
  1052 | D:2      | Noticed Jessica
  1065 | D:2      | Killed Jessica
  1380 | D:2      | Noticed Robin
  1396 | D:2      | Reached skill level 5 in Long Blades
  1402 | D:2      | Killed Robin
  1402 | D:2      | Reached ** piety under Trog
  1432 | D:2      | Found a snail-covered altar of Cheibriados.
  1927 | D:3      | Found a glowing silver altar of Zin.
  2152 | D:3      | Found a basalt altar of Yredelemnul.
  2159 | D:3      | Noticed Natasha
  2182 | D:3      | Reached XP level 6. HP: 53/53 MP: 6/6
  2185 | D:3      | Killed Natasha
  2188 | D:3      | Noticed Natasha
  2201 | D:3      | Killed Natasha
  2560 | D:3      | Noticed Natasha
  2579 | D:3      | Killed Natasha
  2897 | D:4      | Found a large runed translucent door.
  2897 | D:4      | Found a large runed translucent door.
  2899 | D:4      | Noticed kd29's ghost (amateur DrIE)
  3021 | D:4      | Reached skill level 5 in Fighting
  3175 | D:4      | Reached skill level 6 in Long Blades
  3175 | D:4      | Your scales start taking on a glossy black colour.
  3175 | D:4      | Reached XP level 7. HP: 61/61 MP: 7/7
  3175 | D:4      | Gained mutation: You are resistant to electric shocks.
                  | (rElec) [Black Draconian growth]
  3871 | D:5      | Entered Level 5 of the Dungeon
  4091 | D:5      | Reached skill level 7 in Long Blades
  4610 | D:5      | Found a staircase to the Ecumenical Temple.
  4789 | D:5      | Reached skill level 5 in Dodging
  4890 | D:6      | Reached XP level 8. HP: 64/70 MP: 8/8
  4924 | D:6      | Reached skill level 8 in Long Blades
  5157 | D:6      | Reached *** piety under Trog
  5158 | D:6      | Reached skill level 9 in Long Blades
  5863 | D:7      | Reached XP level 9. HP: 75/75 MP: 9/9
  6033 | D:7      | Reached skill level 10 in Long Blades
  6510 | D:7      | Reached skill level 11 in Long Blades
  7241 | D:8      | Noticed Joseph
  7245 | D:8      | Noticed a komodo dragon
  7258 | D:8      | Killed Joseph
  7259 | D:8      | Reached skill level 12 in Long Blades
  7266 | D:8      | Killed a komodo dragon
  7545 | D:8      | Found a broken altar of Ashenzari.
  7545 | D:8      | Found a glowing golden altar of the Shining One.
  7545 | D:8      | Found a bloodstained altar of Trog.
  7605 | D:8      | Found a radiant altar of Vehumet.
  7653 | D:8      | Found a hide-covered altar of Uskayaw.
  7695 | D:8      | Reached XP level 10. HP: 83/83 MP: 10/10
  8051 | D:8      | Reached **** piety under Trog
  8159 | D:9      | Noticed Maurice
  8178 | D:8      | Killed Maurice
  8179 | D:8      | Reached skill level 13 in Long Blades
  8398 | D:9      | You fall into a shaft and drop 2 floors!
  8424 | D:11     | Noticed a cyclops
  8430 | D:11     | Noticed a cyclops
  8435 | D:11     | Killed a cyclops
  8448 | D:10     | Entered Level 10 of the Dungeon
  8759 | D:9      | Reached skill level 14 in Long Blades
  8773 | D:9      | Noticed a cyclops
  8781 | D:9      | Killed a cyclops
  8782 | D:9      | Reached skill level 1 in Evocations
  8783 | D:9      | Noticed a centaur warrior
  8796 | D:9      | HP: 4/82 [centaur warrior (2)]
  9223 | D:9      | Reached skill level 1 in Shields
  9353 | D:9      | Killed a centaur warrior
  9354 | D:9      | Reached XP level 11. HP: 29/92 MP: 11/11
  9366 | D:9      | Slain by a cyclops

Illustrated notes

Levels and vault maps discovered:
D:1:      minmay_arrival_four_circles, layout_basic,
          chequers_ecumenical_altar_lobes, minmay_misc_feat_secret_circle,
          serial_bayou_pond_e, minmay_tromino_v2
D:2:      layout_loops_ring, basic_altar, uniq_sigmund, uniq_robin, uniq_jessica
D:3:      layout_loops_ring, lemuel_crystal_altar, mainiacjoe_overflow_brackets,
          minmay_strange_pillars, serial_bayou_lake_a, uniq_natasha
D:4:      layout_gridville, ebering_ghost_disaster_area, minmay_diced_spiral
D:5:      layout_basic, temple_green
D:6:      layout_loops_ring
D:7:      lemuel_ratsnest, layout_basic
D:8:      layout_loops_ring, lemuel_coloured_pillars_altar,
          chequers_temple_overflow_statue_of_worship, lightli_orcish_oven,
          uniq_joseph
D:9:      layout_cave_pools, mainiacjoe_overflow_alcove_1,
          hangedman_minor_gate_pass, uniq_maurice
D:10:     layout_small_grid, kennysheep_mini, grunt_decor_one_mirror
D:11:     giant_chief_lemuel, layout_cave_pods, lair_entry_dummy,
          hangedman_decor_push, hellmonk_guarded_unrand_lears

Skill      XL: |  1  2  3  4  5  6  7  8  9 10 |
---------------+-------------------------------+-----
Fighting       | 4 5 6 7 |  7.3
Long Blades    | 4 5 6 7 9 12 14 | 14.0
Dodging        | 3 4 5 6 |  6.4
Evocations     | 3 |  3.6
Shields        | 2 |  2.5

Action                   |  1- 3 |  4- 6 |  7- 9 | 10-12 || total
-------------------------+-------+-------+-------+-------++-------
Melee: Falchion          |    57 |   193 |   131 |       ||   381
       Tailslap          |     7 |    22 |    70 |    34 ||   133
       Punch             |       |     2 |     7 |     2 ||    11
       Scimitar          |       |       |   290 |   188 ||   478
Throw: Stone             |       |     3 |     4 |     2 ||     9
Invok: Berserk           |     1 |     5 |     5 |     7 ||    18
       Trog's Hand       |       |     2 |     3 |     4 ||     9
 Abil: Breathe Lightning |       |       |     7 |     3 ||    10
Evoke: Wand              |       |       |       |     2 ||     2
  Use: Scroll            |       |     8 |     3 |     3 ||    14
       Potion            |       |       |       |     3 ||     3
 Stab: Sleeping          |       |     4 |     2 |       ||     6
       Distracted        |       |       |     1 |       ||     1
       Paralysed         |       |       |       |     1 ||     1
Armor: Skin              |    11 |    60 |   129 |    81 ||   281
Dodge: Dodged            |    31 |   148 |   287 |   140 ||   606
Block: Buckler           |       |       |       |     5 ||     5

Table legend: (Time is in decaauts)
 A = Elapsed time spent in this place.
 B = Non-inter-level travel time spent in this place.
 C = Inter-level travel time spent in this place.
 D = Time resting spent in this place.
 E = Time spent auto-exploring this place.
 F = Levels seen in this place.
 G = Mean time per level.
                   A        B        C        D        E       F      G
               +--------+--------+--------+--------+--------+-----+--------+
         Total |   9489 |   9100 |    389 |   1241 |   6107 |  11 |  862.6 |
       Dungeon |   9489 |   9100 |    389 |   1241 |   6107 |  11 |  862.6 |
               +--------+--------+--------+--------+--------+-----+--------+

Top non-repeatable levels by time:
     D:7: 1353 daAuts
     D:3: 1207 daAuts
     D:4: 1176 daAuts
     D:8: 1149 daAuts
     D:5: 1073 daAuts
     D:1: 897 daAuts
     D:6: 861 daAuts
     D:2: 779 daAuts
     D:9: 632 daAuts
    D:10: 308 daAuts
    D:11: 50 daAuts
